 Dungeon Crawl Stone Soup version 0.18-a0-1797-gc18daef (webtiles) character file.

27 M4edhros the Grave Robber (level 3, -2/21 HPs)
             Began as an Octopode Necromancer on Apr 22, 2016.
             Killed by divine providence
             ... invoked by an orc priest
              (14 damage)
             ... on level 4 of the Dungeon.
             The game lasted 00:03:25 (456 turns).

M4edhros the Grave Robber (Octopode Necromancer)     Turns: 456, Time: 00:03:26

Health: -2/21      AC:  1    Str:  7    XL:     3   Next: 10%
Magic:  6/6        EV:  7    Int: 17    God:
Gold:   23         SH:  0    Dex: 13    Spells: 3 memorised, 1 level left

rFire  + . .     SeeInvis .     i - +0 dagger (pain)
rCold  . . .     Gourm    .     (no shield)
rNeg   . . .     Faith    .     (helmet restricted)
rPois  .         Spirit   .     e - amulet of magic regeneration
rElec  .         Dismiss  .     c - ring of sustain attributes
rCorr  .         Reflect  .     (no ring)
SustAt +         Harm     .     (no ring)
MR     .....                    (no ring)
Stlth  +++.......               (no ring)
                                (no ring)
                                (no ring)
                                (no ring)

@: not resistant to hostile enchantments, fairly stealthy
A: almost no armour, amphibious, 8 rings, constrict 8, camouflage 1, fire
resistance 1, gelatinous body 1
a: no special abilities


You were on level 4 of the Dungeon.
You were not hungry.

You visited 1 branch of the dungeon, and saw 4 of its levels.

You collected 23 gold pieces.

Inventory:

Hand Weapons
 i - a +0 dagger of pain (weapon)
Jewellery
 c - a ring of sustain attributes (left tentacle)
 e - an amulet of magic regeneration (around mantle)
Scrolls
 d - 4 scrolls of remove curse {unknown}
 f - a scroll of teleportation {unknown}
 g - a scroll of enchant weapon {unknown}
 h - a scroll of identify {unknown}
Books
 a - a book of Necromancy

   Spells                             Type                      Level
   a - Pain                           Necromancy                   1
   b - Animate Skeleton               Necromancy                   1
   c - Vampiric Draining              Necromancy                   3
   d - Regeneration                   Charms/Necromancy            3
   e - Animate Dead                   Necromancy                   4
   f - Control Undead                 Necromancy                   4
Comestibles
 b - 3 bread rations
 j - a slice of pizza


   Skills:
 + Level 2.0 Dodging
 - Level 2.6 Stealth
 - Level 2.5 Unarmed Combat
 - Level 2.0 Spellcasting
 + Level 4.0 Necromancy


You had one spell level left.
You knew the following spells:

 Your Spells              Type           Power        Failure   Level  Hunger
a - Pain                  Necr           ###.         3%          1    #......
b - Regeneration          Chrm/Necr      #.........   24%         3    ###....
c - Animate Skeleton      Necr           N/A          3%          1    #......


Dungeon Overview and Level Annotations

Branches:
Dungeon (4/15)
 Temple: D:4-7

Altars:
Makhleb
Xom

Annotations:
D:4 macross's ghost, weakling SpAs


Innate Abilities, Weirdness & Mutations

You cannot wear most types of armour.
You are amphibious.
You can wear up to eight rings at the same time.
You can use your tentacles to constrict eight enemies at once.
Your skin changes colour to match your surroundings (Stealth).
Your rubbery body absorbs attacks (AC +1).
Your flesh is heat resistant.


Message History

Found an escape hatch in the ceiling.
Found 20 arrows.
The helpless giant cockroach fails to defend itself.
You puncture the giant cockroach!
You kill the giant cockroach!
Found a scroll labeled GYATIF VES.
d - 4 scrolls labeled GYATIF VES (gained 1) 3 orcs and an orc priest come into view.
Found 15 gold pieces.
The orc priest invokes the aid of Beogh against you.
Pain shoots through your body!
The orc shouts!
The orc moves out of view.
You see here a giant cockroach corpse.
You aren't carrying any potions.
There is a stone staircase leading down here.
The orc priest calls down the wrath of Beogh upon you.
Beogh smites you!
Ouch! That really hurt!
You die...

##. ....
####.....
######....#
#......####
####.@....#
#........####
#.##..........
###.##†....#####
#...##o........
###....)...####
......o##...<..#
...o$.. o(.....#
........#......#


You could see an orc priest and an orc.

Vanquished Creatures
  3 orcs (D:3)
  2 giant cockroaches
  A goblin (D:1)
  A hobgoblin (D:1)
  5 jackals
  3 bats
  4 giant newts
  2 kobolds (D:1)
  2 rats (D:3)
23 creatures vanquished.

Notes
Turn   | Place    | Note
--------------------------------------------------------------
     0 | D:1      | M4edhros the Octopode Necromancer began the quest for the Orb.
     0 | D:1      | Reached XP level 1. HP: 11/11 MP: 3/3
    11 | D:1      | Gained mutation: Your flesh is heat resistant. [potion of beneficial mutation]
    72 | D:1      | Reached skill level 1 in Unarmed Combat
   150 | D:2      | Reached XP level 2. HP: 3/17 MP: 1/5
   245 | D:2      | Found a burning altar of Makhleb.
   246 | D:2      | Found a shimmering altar of Xom.
   363 | D:4      | Noticed macross's ghost (weakling SpAs)
   372 | D:3      | Reached XP level 3. HP: 16/21 MP: 3/6
   400 | D:3      | Learned a level 3 spell: Regeneration
   402 | D:3      | Learned a level 1 spell: Animate Skeleton
   418 | D:4      | Noticed an ogre
   456 | D:4      | Killed from afar by an orc priest

Vault maps used:
D:1:      mrwooster_arrival_statue, tso_altar
D:2:      minitemple, lemuel_round_altar, uniq_iyjb
D:3:      first_bread
D:4:      marbit_many_paths, serial_shops, nicolae_shop_stone, uniq_eustachio

Skill      XL: |  1  2 |
---------------+-------+-----
Unarmed Combat | 1 2 |  2.5
Dodging        | |  2.0
Stealth        | |  2.6
Spellcasting   | |  2.0
Necromancy     | |  4.0

Action                   || total
-------------------------++-------
Melee: Unarmed           ||    18
       Constrict         ||     7
       Tentacles         ||     3
       Dagger            ||     7
 Cast: Pain              ||    25
       Regeneration      ||     2
  Use: Potion            ||     3
 Stab: Sleeping          ||     1
Armor: Skin              ||     2
Dodge: Dodged            ||    24
